Map: [ESL] Moondance

Players

Solar - Winner!

  • Race: Zerg Zerg
  • Spawn Location: 6:00

HeroMarine

  • Race: Terran Terran
  • Spawn Location: 12:00

Event: TSL 9

VOD

Have the link to the VOD?

Description

Time

  • Played on: Aug. 15, 2022, 6:46 a.m.
  • Length: 13:07

All games in this series

Show
View Real Time Build Order
Export as new Build Order

Solar Zerg - Winner!

Build Orders: Hatch First 

Get SALT Encoding   

  12  0:00  Drone  
  13  0:12  Overlord  
  13  0:17  Drone  
  14  0:31  Drone x2  
  16  0:46  Hatchery  
  15  0:51  Drone  
  15  0:55  Drone  
  17  0:57  Drone  
  18  1:09  Extractor  
  17  1:14  Spawning Pool  
  17  1:16  Drone  
  17  1:20  Drone  
  18  1:29  Drone  
  19  1:39  Drone  
  20  1:57  Drone  
  20  2:00  Queen x2  
  25  2:01  Zergling x4  
  27  2:12  Zergling x2  
  27  2:13  Overlord  
  28  2:22  Hatchery  
  27  2:24  Drone  
  28  2:33  Drone x2  
  30  2:37  Queen  
  30  2:43  Overlord  
  32  2:47  Drone  
  33  2:53  Metabolic Boost  
  33  2:56  Drone  
  33  2:57  Drone  
  33  2:58  Drone  
  36  3:03  Drone  
  37  3:06  Drone  
  37  3:09  Drone x2  
  37  3:10  Drone  
  41  3:15  Drone  
  41  3:19  Roach Warren  
  41  3:24  Extractor  
  40  3:27  Drone  
  40  3:28  Overlord  
  41  3:34  Drone  
  41  3:35  Drone  
  41  3:36  Drone  
  41  3:39  Overlord  
  44  3:46  Overlord  
  44  3:56  Zergling x2  
  44  4:00  Roach x3  
  44  4:01  Roach x2  
  55  4:03  Roach x2  
  55  4:06  Roach  
  55  4:08  Zergling x4  
  63  4:13  Zergling x6  
  66  4:23  Zergling x10  
  70  4:28  Ravager  
  70  4:29  Overlord  
  70  4:31  Overlord  
  71  4:32  Ravager  
  71  4:34  Zergling x2  
  73  4:42  Overlord  
  73  4:46  Zergling x2  
  73  4:48  Zergling x6  
  73  4:49  Zergling x6  
  73  4:52  Zergling x2  
  75  5:02  Zergling x4  
  75  5:03  Ravager  
  75  5:04  Zergling x4  
  75  5:06  Ravager  
  81  5:09  Zergling x10  
  81  5:12  Drone  
  87  5:18  Drone  
  87  5:20  Drone x2  
  82  5:24  Drone  
  82  5:28  Drone x3  
  81  5:33  Drone  
  81  5:34  Drone  
  81  5:36  Lair  
  81  5:38  Drone x4  
  81  5:40  Drone  
  86  5:43  Drone  
  86  5:44  Drone  
  86  5:45  Spore Crawler  
  86  5:49  Drone  
  88  5:52  Drone, Evolution Chamber  
  88  5:53  Evolution Chamber  
  88  5:54  Extractor  
  88  5:56  Extractor  
  85  5:57  Drone  
  85  5:58  Drone x2  
  85  6:00  Drone  
  85  6:02  Overlord  
  88  6:05  Roach, Ravager  
  88  6:10  Roach x2  
  97  6:11  Roach  
  97  6:14  Overlord  
  97  6:19  Spore Crawler  
  97  6:20  Drone  
  97  6:21  Drone  
  97  6:24  Roach x3  
  104  6:26  Roach  
  104  6:30  Overlord  
  104  6:32  Zerg Missile Weapons Level 1  
  106  6:34  Roach  
  106  6:37  Glial Reconstitution  
  108  6:40  Zergling x6  
  108  6:42  Roach  
  108  6:45  Roach  
  108  6:46  Zergling x4  
  93  6:54  Roach  
  93  6:55  Queen  
  93  6:56  Roach  
  93  6:59  Drone x2  
  93  7:00  Drone x2  
  93  7:02  Drone x2  
  93  7:03  Drone  
  93  7:06  Drone  
  93  7:07  Drone  
  93  7:08  Roach  
  95  7:11  Queen  
  97  7:15  Ravager  
  97  7:19  Zerg Ground Armor Level 1  
  97  7:20  Extractor  
  97  7:21  Extractor  
  97  7:22  Roach x3  
  101  7:29  Queen  
  103  7:31  Roach x3  
  103  7:36  Overlord  
  109  7:38  Roach x3  
  109  7:41  Drone x2  
  109  7:43  Drone  
  118  7:50  Drone  
  118  7:53  Drone  
  118  7:57  Drone  
  118  7:58  Drone  
  121  8:00  Ravager  
  121  8:05  Drone  
  119  8:09  Baneling Nest, Drone  
  119  8:10  Hatchery  
  118  8:15  Zergling x6  
  118  8:18  Overlord  
  121  8:20  Overlord  
  121  8:22  Overlord  
  121  8:26  Zerg Melee Weapons Level 1  
  121  8:27  Overlord  
  121  8:35  Overlord  
  121  8:38  Drone x3  
  121  8:39  Zergling x10  
  129  8:42  Overlord  
  129  8:43  Zergling x2  
  129  8:46  Drone  
  129  8:48  Ravager x2  
  133  8:50  Zergling x4  
  133  8:51  Zergling x2  
  133  8:54  Centrifugal Hooks  
  133  8:55  Infestation Pit  
  135  8:56  Drone x2  
  137  9:03  Zergling x10  
  137  9:06  Baneling x9  
  137  9:09  Zergling x2  
  142  9:12  Zergling x2  
  142  9:13  Zergling x6, Zerg Ground Armor Level 2  
  145  9:19  Zergling x2, Roach  
  145  9:20  Overseer  
  145  9:22  Overlord  
  145  9:23  Drone  
  145  9:24  Zergling x4  
  151  9:27  Drone  
  151  9:28  Drone x2  
  154  9:34  Hive  
  154  9:38  Baneling x2  
  154  9:39  Zergling x8  
  154  9:40  Zergling x2  
  154  9:41  Zergling x2  
  154  9:43  Zergling x4  
  162  9:46  Zergling x6, Hatchery  
  162  9:52  Pneumatized Carapace  
  163  9:54  Overlord  
  163  9:56  Spore Crawler  
  163  9:58  Zergling x10  
  167  10:03  Baneling x2  
  167  10:05  Drone  
  167  10:06  Zergling x14  
  175  10:13  Baneling x2  
  175  10:17  Zergling x10  
  175  10:18  Zergling x2  
  179  10:24  Drone  
  179  10:25  Spore Crawler  
  179  10:27  Drone x2  
  181  10:29  Overlord  
  181  10:30  Overlord  
  181  10:33  Zerg Melee Weapons Level 2  
  181  10:40  Zergling x8, Spore Crawler  
  181  10:41  Overlord  
  184  10:43  Overlord  
  184  10:48  Viper x2  
  190  10:51  Baneling x9  
  190  10:52  Ultralisk Cavern  
  190  10:53  Overseer  
  190  10:56  Drone  
  189  10:58  Zergling x2  
  189  10:59  Zergling x18  
  189  11:01  Baneling x8  
  189  11:02  Baneling  
  189  11:04  Zergling x2  
  200  11:14  Zergling x2  
  200  11:43  Chitinous Plating  
  200  11:45  Zergling x6  
  199  11:48  Baneling x6  
  199  11:51  Hatchery  
  198  11:58  Zergling x14  
  200  12:06  Zergling x2, Ultralisk  
  191  12:08  Zergling x8  
  191  12:09  Zergling x8  
  182  12:29  Zergling x18  
  175  12:31  Baneling x6  
  175  12:32  Zergling x16  
  175  12:36  Zergling x8  
  188  12:46  Zergling x6  
  188  12:49  Ravager x5  
  185  12:52  Baneling x2  
Show
View Real Time Build Order
Export as new Build Order

HeroMarine Terran 

Build Orders: Reaper Expand 

Get SALT Encoding   

  12  0:00  SCV  
  13  0:12  SCV  
  14  0:17  Supply Depot  
  14  0:24  SCV  
  15  0:38  SCV  
  15  0:40  Barracks  
  16  0:43  Refinery  
  16  0:50  SCV  
  17  1:03  SCV  
  18  1:15  SCV  
  19  1:27  Reaper, Orbital Command  
  20  1:37  Command Center  
  20  1:45  Supply Depot  
  20  1:53  SCV  
  21  1:58  Marine  
  22  2:05  SCV  
  23  2:09  Factory  
  23  2:17  SCV  
  23  2:19  Barracks Reactor  
  24  2:29  SCV  
  25  2:41  SCV, Command Center  
  26  2:49  Orbital Command  
  26  2:53  SCV  
  26  2:55  Barracks  
  27  3:04  Hellion  
  27  3:05  SCV  
  30  3:06  Hellion  
  30  3:09  Barracks Tech Lab  
  32  3:15  SCV  
  32  3:17  SCV  
  32  3:19  Refinery  
  36  3:27  SCV  
  36  3:28  Stimpack  
  36  3:31  Hellion x2  
  36  3:32  Marine  
  40  3:34  SCV  
  40  3:39  SCV  
  42  3:44  Starport  
  42  3:46  SCV  
  43  3:49  Marine  
  43  3:51  SCV  
  43  3:54  Orbital Command  
  45  3:57  Marine  
  45  3:58  Factory Reactor, Marine  
  45  4:00  SCV  
  48  4:04  SCV  
  48  4:07  Supply Depot  
  49  4:12  SCV  
  49  4:13  Marine  
  49  4:15  Marine x2  
  49  4:16  SCV  
  54  4:21  SCV  
  54  4:23  Barracks  
  55  4:24  SCV  
  55  4:28  SCV  
  57  4:31  Supply Depot, Marine  
  57  4:33  SCV, Marine  
  57  4:37  SCV  
  61  4:40  Medivac, Factory Reactor  
  61  4:41  Factory Tech Lab, Medivac  
  61  4:43  Marine  
  61  4:44  Bunker  
  66  4:49  Marauder  
  66  4:52  Marine  
  63  4:54  SCV x3  
  65  5:01  Marine  
  60  5:09  SCV, Marine  
  60  5:10  SCV  
  60  5:11  Marauder  
  62  5:18  Marine, Orbital Command  
  62  5:19  Marine  
  52  5:27  Marine  
  46  5:30  Siege Tank  
  46  5:32  Marauder  
  46  5:34  SCV x2  
  48  5:36  Marine  
  48  5:41  Refinery  
  49  5:44  Marine x2  
  49  5:45  SCV, Marine  
  49  5:47  SCV  
  54  5:51  SCV  
  54  5:53  Marine  
  54  5:54  Marine  
  57  5:58  SCV  
  57  6:00  SCV  
  57  6:01  Marine  
  57  6:02  Marine  
  61  6:09  Siege Tank, Marine  
  61  6:11  Supply Depot, Marauder  
  65  6:12  Marine  
  65  6:14  SCV  
  69  6:23  Supply Depot  
  69  6:27  Combat Shield  
  69  6:32  SCV x3, Marine x2  
  73  6:33  Marine  
  75  6:41  Marine  
  75  6:44  SCV x3  
  75  6:45  Marine  
  71  6:50  Marine  
  62  6:55  Marine  
  62  6:57  SCV  
  55  7:02  SCV x2  
  56  7:09  SCV  
  56  7:14  SCV  
  58  7:16  SCV  
  58  7:21  SCV, Medivac x2  
  58  7:22  Barracks Reactor  
  64  7:25  Marine  
  64  7:26  SCV, Marine  
  64  7:27  Marine  
  68  7:34  SCV x2  
  70  7:38  SCV  
  70  7:41  Supply Depot  
  70  7:43  Supply Depot, Marine  
  72  7:46  SCV, Siege Tank  
  72  7:47  Marine  
  72  7:50  SCV  
  72  7:51  SCV  
  79  7:52  Marine  
  79  7:58  SCV, Marine  
  81  8:01  Marine  
  81  8:02  SCV  
  81  8:03  SCV  
  81  8:04  Marine  
  83  8:05  Engineering Bay  
  83  8:09  Medivac x2  
  83  8:10  SCV  
  88  8:14  SCV  
  88  8:15  SCV  
  88  8:18  Siege Tank  
  88  8:19  Refinery  
  93  8:22  SCV, Refinery  
  93  8:26  SCV  
  98  8:27  SCV  
  98  8:29  Supply Depot x2, Marine x2  
  98  8:31  Terran Infantry Weapons Level 1  
  96  8:34  SCV  
  96  8:37  Supply Depot  
  96  8:38  SCV  
  96  8:39  SCV  
  96  8:41  Supply Depot  
  99  8:42  Marine  
  99  8:46  SCV  
  101  8:51  SCV x2, Siege Tank  
  101  8:55  Marine x2  
  108  8:59  Marauder, Marine  
  108  9:00  Barracks  
  108  9:01  Barracks  
  111  9:04  Supply Depot  
  111  9:05  Marine  
  112  9:10  Medivac x2  
  112  9:13  Marine  
  112  9:14  Supply Depot  
  112  9:16  Marine  
  112  9:17  Marine  
  118  9:20  Marauder  
  118  9:21  Supply Depot  
  118  9:23  Marine  
  122  9:29  Siege Tank  
  122  9:31  Marine  
  126  9:33  Engineering Bay, Armory  
  126  9:34  Marine x2  
  128  9:39  Supply Depot  
  128  9:41  Marine x2  
  130  9:48  Marine  
  130  9:50  Barracks Reactor  
  130  9:51  Barracks Reactor, Marine  
  130  9:52  Supply Depot, Marine  
  132  9:59  Marine x2  
  135  10:02  Supply Depot x2  
  135  10:05  Terran Infantry Armor Level 1  
  135  10:06  Siege Tank, Marine  
  139  10:09  Marine  
  139  10:10  Marine  
  139  10:12  Medivac x2  
  145  10:16  Marine  
  145  10:17  Marine  
  145  10:22  Terran Vehicle Weapons Level 1  
  145  10:26  Terran Infantry Weapons Level 2  
  145  10:27  Marine x2  
  145  10:28  Marine x2  
  147  10:31  Marine x2  
  147  10:33  Marine  
  147  10:35  Marauder  
  152  10:46  Marine x3  
  152  10:47  Siege Tank  
  152  10:48  Marine x2  
  160  10:50  Medivac x2  
  160  10:56  Marauder, Marine x2  
  160  10:57  Supply Depot  
  168  10:58  Supply Depot, Marine  
  168  11:01  Factory  
  168  11:04  Marine  
  169  11:06  Marine  
  169  11:09  Marine x2  
  173  11:16  Marine x2  
  170  11:20  Marine x2  
  170  11:21  Liberator, Siege Tank  
  170  11:23  Liberator  
  181  11:25  Marine  
  181  11:26  Marine  
  181  11:28  Marauder  
  185  11:33  Supply Depot, Marine  
  185  11:39  Marine  
  186  11:50  Marine x2  
  186  11:52  Marine  
  189  11:54  Factory Tech Lab, Siege Tank  
  189  11:59  Marine x2  
  193  12:02  Marine x2  
  193  12:07  Marine  
  189  12:13  Liberator, Siege Tank  
  189  12:14  Liberator, Marine x2  
  197  12:16  Marauder  
  164  12:31  Marine  
  164  12:32  Marine  
  164  12:36  Marine  
  152  12:37  Marauder  
  152  12:41  Marine x3  
  148  12:46  Marine x2  
Tags
 
Add a new tag
Caveats
  • Supply blocks, unpowered buildings, or Contaminate may cause inaccurate times.
  • Supply counts are checked every 10 seconds.